 Dungeon Sprint DCSS version 0.24.1-14-gf8d2b509d9 (webtiles) character file.

Game seed: 13306525886368781334, levelgen mode: deterministic

23629 Chiseanne the Green Death (level 12, -23/79 HPs)
             Began as a Demonspawn Assassin on June 3, 2020.
             Was a High Priest of Fedhas.
             Annihilated by a lorocyproca (31 damage)
             ... in the Dungeon (Sprint I: "Red Sonja").
             The game lasted 00:24:22 (3411 turns).

Chiseanne the Green Death (Demonspawn Assassin)     Turns: 3411, Time: 00:24:23

Health: -23/79     AC: 12    Str: 11      XL:     12   Next: 73%
Magic:  5/24       EV: 11    Int:  9      God:    Fedhas [*****.]
Gold:   38         SH:  0    Dex: 10 (11) Spells: 11/11 levels left

rFire    + + .     SeeInvis .   a - +1 trident of Ruek {vamp, rElec rF++ Int-3 Stlth+}
rCold    + . .     Gourm    .   y - +1 large shield
rNeg     . . .     Faith    .   t - +5 scale mail {rC+}
rPois    .         Spirit   .   (helmet restricted)
rElec    +         Reflect  .   c - +0 cloak
rCorr    .         Harm     .   (no gloves)
MR       .....     NoTele   +   (boots unavailable)
Stlth    +.........             (no amulet)
HPRegen  0.00/turn              (no ring)
MPRegen  0.19/turn              (no ring)

@: confused
A: antennae 1, claws 2, hooves 3, blurry vision 2, clumsy 2, deformed body,
demonic guardian 1, deterioration 1, dopey 1, frail 1, low mp 1, powered by pain
1, screaming 1, inhibited regeneration, weak 2, no potion heal 1, subdued magic
1
a: Wall of Briars, Grow Ballistomycete, Overgrow, Grow Oklob, Renounce Religion


You were in the Dungeon.
You worshipped Fedhas.
Fedhas was extremely pleased with you.
You were not hungry.

You visited 1 branch You collected 2129 gold pieces.
You spent 2091 gold pieces at shops.

Inventory:

Hand Weapons
 a - the +1 trident of Ruek (weapon) {vamp, rElec rF++ Int-3 Stlth+}
   (You bought it in a shop in the Dungeon)

   It inflicts no extra harm, but heals its wielder when it wounds a living foe.
   It affects your intelligence (-3).
   It greatly protects you from fire.
   It insulates you from electricity.
   It makes you more stealthy.
Missiles
 d - 7 poisoned darts
 k - 34 arrows
 m - 35 sling bullets
 n - a curare-tipped dart (quivered)
 u - 7 datura-tipped darts
Armour
 c - a +0 cloak (worn)
 t - a +5 scale mail of cold resistance (worn)
 y - a +1 large shield (worn)
Wands
 e - a wand of polymorph (8)
 o - a wand of random effects (12)
 p - a wand of disintegration (13)
 C - a wand of flame (12)
Scrolls
 l - a scroll of blinking
 q - 4 scrolls of identify
 r - a scroll of amnesia
 A - a scroll of enchant weapon
Potions
 g - 5 potions of curing
 i - a potion of haste
 j - 2 potions of magic
 s - 2 potions of brilliance
 v - 2 potions of flight
 w - a potion of invisibility
 x - a potion of cancellation


   Skills:
 * Level 6.0 Fighting
   Level 1.7 Short Blades
 - Level 1.7 Throwing
 - Level 11.2 Armour
 - Level 11.7 Dodging
 - Level 10.8 Stealth
 - Level 15.7 Shields
 * Level 23.1 Invocations


You had 11 spell levels left.
You didn't know any spells.
Your spell library was empty.

Dungeon Overview and Level Annotations

Branches:
Dungeon (1/1)

Altars:
Cheibriados
Dithmenos
Elyvilon
Fedhas
Gozag
Hepliaklqana
Kikubaaqudgha
Makhleb
Nemelex Xobeh
Okawaru
Qazlal
Ru
Sif Muna
Trog
Uskayaw
Vehumet
Wu Jian
Xom
Yredelemnul
Zin
The Shining One
Jiyva
Lugonu

Shops:
D :=}[*([(((*=}*!}*?%[*


Innate Abilities, Weirdness & Mutations

You have a pair of small antennae on your head.
You have very sharp fingernails.
You have hooves in place of feet.
A weak demonic guardian rushes to your aid.
You sometimes gain a little power by taking damage.
Scrolls take you longer to read.
You are very clumsy. (Dex -4)
Armour fits poorly on your strangely shaped body.
Your body sometimes deteriorates upon taking damage.
You are dopey. (Int -2)
You are frail. (-10% HP)
Your magical capacity is low. (-10% MP)
You occasionally shout uncontrollably at your foes.
You do not regenerate when monsters are visible.
You are very weak. (Str -4)
Potions are less effective at restoring your health.
Your spells are a little easier to cast, but a little less powerful.


Message History

* * * LOW HITPOINT WARNING * * *
Your body deteriorates!
You feel clumsy.
You feel your power leaking away.
Your quasit bites something but does no damage.
Your quasit closely misses something.
Your quasit barely misses something.
Something hits you but does no damage.
Your system partially rejects the healing.
You feel much better.
Your quasit barely misses something.
Your quasit claws something but does no damage.
Your quasit closely misses something.
Something hits you!!
* * * LOW HITPOINT WARNING * * *
You are confused.
Your system partially rejects the healing.
You feel invigorated.
Your quasit closely misses something.
Your quasit claws something but does no damage.
Your quasit barely misses something.
Your quasit bites something but does no damage.
Your quasit claws something but does no damage.
Your quasit closely misses something.
Something hits you!!
You die...
Fedhas appreciates your contribution to the ecosystem.

#####
##################.§§###########*
#__#..'.).#..#§...'§§..§§'...^^+,
'..'..#)..##'#§####§§§§§##§..^^#,
#__####...'§.#§#@###...####...+#,
####§§##..#..§§#{#$###§#)..#...#,
#§§§§§#§..#§####55$#y#§##....).##
+≈§§§§'.§..)§°.#..$###..§.#....≈#
#≈))§§#..#°§§°°+..$$$##..[#....≈.
##§#####.###^.°#^....#....#...)≈.
#)...###P'.#^.°###++##.##...#).≈#
##'###.###.#.^##*,,**#..#'###..≈#
.....'[∩##.#..#***,,*##...#.≈..##


You could see 2 friendly quasits.

Vanquished Creatures
  the Lernaean hydra (D)
  2 centaur warriors (D)
  Sonja (D)
  3 unseen horrors (D)
  A deep troll (D)
  A lindwurm (D)
  4 shining eyes (D)
  A demonic crawler (D)
  2 kobold demonologists (D)
  A hornet (D)
  A slime creature (D)
  2 redbacks (D)
  Sigmund (D)
  2 hogs (D)
  5 floating eyes (D)
  An ogre (D)
  5 jellies (D)
  Ijyb (D)
35 creatures vanquished.

Vanquished Creatures (collateral kills)
  Lom Lobon (D)
  A daeva (D)
  4 fire giants (D)
  A deep elf annihilator (D)
  A mummy priest (D)
  A hydra (D)
  4 unseen horrors (D)
  4 shining eyes (D)
  2 merfolk sirens (D)
  A gargoyle (D)
  A hellwing (D)
  3 demonic crawlers (D)
  4 hornets (D)
  A yak (D)
  11 hogs (D)
  2 floating eyes (D)
  7 necrophages (D)
  3 jellies (D)
  3 ballistomycete spores (D)
55 creatures vanquished.

Vanquished Creatures (others)
  An oklob plant (D)
  A gargoyle (D)
  6 ball lightnings (D)
  5 ballistomycete spores (D)
13 creatures vanquished.

Grand Total: 103 creatures vanquished

Notes
Turn   | Place    | Note
-------+----------+-------------------------------------------
     0 | D        | Chiseanne the Demonspawn Assassin began the quest for the
                  | Orb.
     0 | D        | Reached XP level 1. HP: 16/16 MP: 1/1
     1 | D        | Noticed Ijyb
    10 | D        | Killed Ijyb
    10 | D        | Reached skill level 5 in Stealth
    10 | D        | Gained mutation: You have large cloven feet. [demonic
                  | ancestry]
    10 | D        | Reached XP level 2. HP: 18/22 MP: 2/2
    62 | D        | Noticed an ogre
    69 | D        | Killed an ogre
    69 | D        | Reached skill level 5 in Dodging
    69 | D        | Gained mutation: You have sharp fingernails. [demonic
                  | ancestry]
    69 | D        | Reached XP level 3. HP: 3/27 MP: 3/3
    69 | D        | Gained mutation: A weak demonic guardian rushes to your
                  | aid. [demonic ancestry]
    69 | D        | Reached XP level 4. HP: 3/33 MP: 4/4
   341 | D        | Noticed Sigmund
   349 | D        | Killed Sigmund
   349 | D        | Reached skill level 5 in Armour
   349 | D        | Gained mutation: You have hoof-like feet. [demonic
                  | ancestry]
   349 | D        | Reached XP level 5. HP: 36/38 MP: 5/5
   373 | D        | Found a shimmering blue altar of Sif Muna.
   374 | D        | Found an ornate altar of the Wu Jian Council.
   375 | D        | Found a radiant altar of Vehumet.
   379 | D        | Gained mutation: You have very sharp fingernails. [demonic
                  | ancestry]
   379 | D        | Reached XP level 6. HP: 44/44 MP: 6/6
   401 | D        | Found Reneut's Antique Armour Emporium.
   401 | D        | Found an ancient bone altar of Kikubaaqudgha.
   401 | D        | Found a hazy altar of Hepliaklqana.
   401 | D        | Found a hide-covered altar of Uskayaw.
   401 | D        | Found a basalt altar of Yredelemnul.
   401 | D        | Found an opulent altar of Gozag.
   401 | D        | Found a snail-covered altar of Cheibriados.
   401 | D        | Found a sacrificial altar of Ru.
   401 | D        | Found a shadowy altar of Dithmenos.
   401 | D        | Noticed a yak
   402 | D        | Found a stormy altar of Qazlal.
   402 | D        | Found a blossoming altar of Fedhas.
   402 | D        | Found a bloodstained altar of Trog.
   402 | D        | Found an iron altar of Okawaru.
   402 | D        | Found a glowing silver altar of Zin.
   409 | D        | Killed a yak
   410 | D        | Found a glowing golden altar of the Shining One.
   410 | D        | Found a white marble altar of Elyvilon.
   413 | D        | Found a sparkling altar of Nemelex Xobeh.
   421 | D        | Became a worshipper of Fedhas Madash
   424 | D        | Bought a glowing helmet for 247 gold pieces
   495 | D        | Noticed Sonja
   502 | D        | Killed Sonja
   502 | D        | Reached skill level 10 in Stealth
   502 | D        | Gained mutation: You sometimes gain a little power by
                  | taking damage. [demonic ancestry]
   502 | D        | Reached XP level 7. HP: 12/50 MP: 7/7
   690 | D        | Found Bevuecic's Book Boutique.
   746 | D        | Noticed a deep troll
   764 | D        | Killed a deep troll
   764 | D        | Reached skill level 9 in Invocations
   764 | D        | Gained mutation: You have hooves in place of feet. [demonic
                  | ancestry]
   764 | D        | Reached XP level 8. HP: 56/56 MP: 7/15
   783 | D        | Found Lad Atietiw's Armour Emporium.
   790 | D        | Bought a +0 shield for 58 gold pieces
   834 | D        | Bought a +4 scale mail of cold resistance for 403 gold
                  | pieces
   862 | D        | Found a viscous altar of Jiyva.
   862 | D        | Found a corrupted altar of Lugonu.
   862 | D        | Noticed a slime creature
   863 | D        | Found a burning altar of Makhleb.
   863 | D        | Found a shimmering altar of Xom.
   869 | D        | Killed a slime creature
   869 | D        | Reached * piety under Fedhas
   869 | D        | Reached skill level 10 in Invocations
   908 | D        | Noticed a kobold demonologist
   909 | D        | Noticed a kobold demonologist
   912 | D        | Reached skill level 11 in Invocations
   917 | D        | Killed a kobold demonologist
   929 | D        | Killed a kobold demonologist
   929 | D        | Reached ** piety under Fedhas
   929 | D        | Reached skill level 5 in Shields
   929 | D        | Reached skill level 12 in Invocations
   929 | D        | Reached XP level 9. HP: 58/61 MP: 16/18
   943 | D        | Noticed a demonic crawler
   943 | D        | Noticed a demonic crawler
   943 | D        | Noticed a demonic crawler
   943 | D        | Noticed a demonic crawler
   971 | D        | Killed a demonic crawler
   971 | D        | Reached skill level 13 in Invocations
  1239 | D        | Noticed a centaur warrior
  1240 | D        | Noticed a centaur warrior
  1249 | D        | Killed a centaur warrior
  1249 | D        | Reached skill level 14 in Invocations
  1253 | D        | Killed a centaur warrior
  1253 | D        | Reached *** piety under Fedhas
  1253 | D        | Reached skill level 15 in Invocations
  1283 | D        | Noticed an oklob plant
  1292 | D        | Reached XP level 10. HP: 66/67 MP: 21/21
  1314 | D        | Reached **** piety under Fedhas
  1335 | D        | Reached skill level 16 in Invocations
  1426 | D        | Noticed an unseen horror
  1426 | D        | Noticed an unseen horror
  1439 | D        | Killed an unseen horror
  1439 | D        | Reached skill level 10 in Shields
  1443 | D        | Killed an unseen horror
  1567 | D        | Reached ***** piety under Fedhas
  1638 | D        | Reached skill level 17 in Invocations
  1661 | D        | Found Fuxamob's Weapon Shoppe.
  1661 | D        | Found Ejustrycva's Antique Armour Shop.
  1661 | D        | Found Bonymui's Weapon Boutique.
  1663 | D        | Found Mefuiw's Weapon Emporium.
  1663 | D        | Found Kirysios's General Store.
  1663 | D        | Found Qahix's Jewellery Shoppe.
  1663 | D        | Found Liussoni's Gadget Boutique.
  1663 | D        | Found Riutsoa's General Store.
  1663 | D        | Found Zuhes's Distillery.
  1663 | D        | Found Bede's Gadget Shoppe.
  1667 | D        | Found Peizoeh's General Store.
  1668 | D        | Found Asarr's Food Emporium.
  1668 | D        | Found Debrair's Magic Scroll Boutique.
  1669 | D        | Found Taom's General Store.
  1672 | D        | Bought a potion of flight for 36 gold pieces
  1672 | D        | Bought a potion of invisibility for 96 gold pieces
  1672 | D        | Bought a scroll of identify for 24 gold pieces
  1672 | D        | Bought a scroll of enchant armour for 90 gold pieces
  1674 | D        | Bought a potion of degeneration for 12 gold pieces
  1675 | D        | Bought a potion of cancellation for 96 gold pieces
  1675 | D        | Bought a potion of ambrosia for 96 gold pieces
  1675 | D        | Bought a potion of heal wounds for 60 gold pieces
  1703 | D        | Noticed a gargoyle
  1706 | D        | Killed a gargoyle
  1750 | D        | Noticed a lindwurm
  1752 | D        | Killed a lindwurm
  1788 | D        | Bought a scroll of remove curse for 39 gold pieces
  1788 | D        | Bought a ration for 65 gold pieces
  1788 | D        | Bought a scroll of identify for 26 gold pieces
  1818 | D        | Killed a gargoyle
  1828 | D        | Reached skill level 18 in Invocations
  1836 | D        | Reached ****** piety under Fedhas
  2019 | D        | Noticed a 12-headed hydra
  2028 | D        | Killed a 12-headed hydra
  2028 | D        | Reached XP level 11. HP: 54/72 MP: 17/24
  2110 | D        | Noticed a deep elf annihilator
  2122 | D        | Noticed a daeva
  2127 | D        | Killed a daeva
  2127 | D        | Reached skill level 19 in Invocations
  2243 | D        | Noticed an unseen horror
  2243 | D        | Noticed an unseen horror
  2243 | D        | Noticed an unseen horror
  2243 | D        | Noticed an unseen horror
  2243 | D        | Noticed an unseen horror
  2248 | D        | Killed an unseen horror
  2250 | D        | Killed an unseen horror
  2253 | D        | Killed an unseen horror
  2254 | D        | Killed an unseen horror
  2258 | D        | Killed an unseen horror
  2258 | D        | Reached skill level 20 in Invocations
  2262 | D        | Noticed a fire giant
  2273 | D        | Killed a fire giant
  2279 | D        | Noticed a fire giant
  2286 | D        | Killed a fire giant
  2358 | D        | Noticed a fire giant
  2360 | D        | Killed a fire giant
  2449 | D        | Noticed a fire giant
  2468 | D        | Killed a fire giant
  2468 | D        | Reached skill level 21 in Invocations
  2531 | D        | Killed an oklob plant
  2532 | D        | Noticed a sixfirhy
  2534 | D        | Killed a deep elf annihilator
  2534 | D        | Reached skill level 10 in Dodging
  2536 | D        | Noticed a mummy priest
  2543 | D        | Killed a mummy priest
  2544 | D        | Noticed a reaper
  2611 | D        | Noticed Lom Lobon
  2709 | D        | Noticed the 27-headed Lernaean hydra
  2721 | D        | Killed the 27-headed Lernaean hydra
  2721 | D        | Gained mutation: You have a pair of small antennae on your
                  | head. [demonic ancestry]
  2721 | D        | Reached XP level 12. HP: 49/78 MP: 11/26
  2726 | D        | Killed Lom Lobon
  2726 | D        | Reached skill level 15 in Shields
  2726 | D        | Reached skill level 22 in Invocations
  3180 | D        | Bought a scroll of magic mapping for 49 gold pieces
  3182 | D        | Bought a scroll of amnesia for 49 gold pieces
  3182 | D        | Bought a scroll of enchant weapon for 105 gold pieces
  3182 | D        | Bought a scroll of enchant armour for 105 gold pieces
  3191 | D        | Bought the cursed +1 trident of Ruek {vamp, rElec rF++
                  | Int-3 Stlth+} for 405 gold pieces
  3225 | D        | Gained mutation: You are dopey. (Int -2) [a shining eye]
  3225 | D        | Paralysed by a floating eye for 2 turns
  3228 | D        | Gained mutation: You are clumsy. (Dex -2) [a shining eye]
  3229 | D        | Gained mutation: You are frail. (-10% HP) [a shining eye]
  3231 | D        | Paralysed by a floating eye for 3 turns
  3231 | D        | Gained mutation: Potions are less effective at restoring
                  | your health. [a shining eye]
  3232 | D        | Gained mutation: You are very dopey. (Int -4) [a shining
                  | eye]
  3239 | D        | Paralysed by a floating eye for 2 turns
  3239 | D        | Gained mutation: Scrolls take you a little longer to read.
                  | [a shining eye]
  3240 | D        | Gained mutation: You are weak. (Str -2) [a shining eye]
  3261 | D        | Paralysed by a floating eye for 3 turns
  3265 | D        | Gained mutation: You are very weak. (Str -4) [a shining
                  | eye]
  3267 | D        | Paralysed by a floating eye for 2 turns
  3274 | D        | Paralysed by a floating eye for 2 turns
  3274 | D        | Gained mutation: You do not regenerate when monsters are
                  | visible. [a shining eye]
  3276 | D        | Gained mutation: You are very clumsy. (Dex -4) [a shining
                  | eye]
  3277 | D        | Gained mutation: Armour fits poorly on your strangely
                  | shaped body. [a shining eye]
  3278 | D        | Gained mutation: Your spells are a little easier to cast,
                  | but a little less powerful. [a shining eye]
  3279 | D        | Gained mutation: Your body sometimes deteriorates upon
                  | taking damage. [a shining eye]
  3282 | D        | Gained mutation: Your magical capacity is low. (-10% MP) [a
                  | shining eye]
  3283 | D        | Reached skill level 5 in Fighting
  3285 | D        | Gained mutation: You occasionally shout uncontrollably at
                  | your foes. [a shining eye]
  3289 | D        | Reached skill level 23 in Invocations
  3290 | D        | Gained mutation: Scrolls take you longer to read. [a
                  | shining eye]
  3293 | D        | Lost mutation: You are very dopey. (Int -4) [a shining eye]
  3303 | D        | Found Egunk's Jewellery Shoppe.
  3303 | D        | Found Obras's Weapon Boutique.
  3303 | D        | Found Apruosm's Gadget Emporium.
  3304 | D        | Found Jekhenen's General Store.
  3307 | D        | Bought a potion of curing for 30 gold pieces
  3411 | D        | Annihilated by a lorocyproca

Levels and vault maps discovered:
D:        dungeon_sprint_1 [red_sonja_temple_1, red_sonja_temple_small_1]

Skill      XL: |  1  2  3  4  5  6  7  8  9 10 11 12 |
---------------+-------------------------------------+-----
Dodging        | 3 5 6 9 10 11 | 11.7
Stealth        | 5 6 8 10 | 10.8
Armour         | 3 5 8 9 11 | 11.2
Invocations    | 9 12 15 18 21 23 | 23.1
Shields        | 5 9 12 14 15 | 15.7
Fighting       | 6 |  6.0
Short Blades   | |  1.7
Throwing       | |  1.7

Action                   |  1- 3 |  4- 6 |  7- 9 | 10-12 || total
-------------------------+-------+-------+-------+-------++-------
Melee: Dagger            |     3 |     6 |    39 |    58 ||   106
       Kick              |       |     1 |    18 |    43 ||    62
       Trident           |       |       |       |    54 ||    54
Throw: Dart              |     8 |     9 |    15 |     4 ||    36
Invok: Wall of Briars    |       |       |     1 |       ||     1
       Grow Oklob        |       |       |       |    16 ||    16
       Overgrow          |       |       |       |     8 ||     8
Evoke: Wand              |       |       |     4 |     2 ||     6
  Use: Potion            |       |       |     3 |     4 ||     7
       Scroll            |       |       |       |     7 ||     7
 Stab: Sleeping          |       |     1 |     3 |     7 ||    11
       Distracted        |       |       |     1 |     1 ||     2
  Eat: Ration            |       |       |     1 |     4 ||     5
       Chunk             |       |       |       |     1 ||     1
Armor: Scale mail        |       |       |    28 |    29 ||    57
Dodge: Dodged            |     1 |     4 |    30 |    24 ||    59
Block: Shield            |       |       |    27 |    38 ||    65
       Large shield      |       |       |       |    20 ||    20
